 Dungeon Crawl Stone Soup version 0.27.0-1-g7a089689b8 (webtiles) character file.

Game seed: 10641442928379112800

12 Zentoyo2 the Skirmisher (level 2, -1/24 HPs)
             Began as a Demonspawn Abyssal Knight on Aug 17, 2021.
             Was an Initiate of Lugonu.
             Slain by Natasha (5 damage)
             ... on level 1 of the Dungeon.
             The game lasted 00:18:23 (1194 turns).

Zentoyo2 the Skirmisher (Demonspawn Abyssal Knight) Turns: 1194, Time: 00:18:24

Health: -1/24      AC:  8    Str: 12    XL:     2   Next: 20%
Magic:  3/3        EV:  7    Int: 13    God:    Lugonu [......]
Gold:   24         SH:  0    Dex: 12    Spells: 1/1 levels left

rFire    . . .     SeeInvis .   a - +1 hand axe
rCold    . . .     Faith    .   (no shield)
rNeg     . . .     Spirit   .   g - +0 chain mail
rPois    .         Reflect  .   (no helmet)
rElec    .         Harm     .   (no cloak)
rCorr    .         Rampage  .   (no gloves)
Will     .....                  (no boots)
Stlth    ..........             (no amulet)
HPRegen  1.08/turn              (no ring)
MPRegen  0.08/turn              (no ring)

@: no status effects
A: sturdy frame 1, regeneration 1
a: Renounce Religion


You were on level 1 of the Dungeon.
You worshipped Lugonu.
Lugonu was noncommittal.
You visited 1 branch of the dungeon, and saw 2 of its levels.
You visited the Abyss 1 time.

You collected 24 gold pieces.

Inventory:

Hand Weapons
 a - a +1 hand axe (weapon)
 e - a +0 hunting sling
Missiles
 f - 22 sling bullets
 h - 13 bolts
 j - 16 stones
 l - 8 boomerangs
Armour
 b - a +0 leather armour
 g - a +0 chain mail (worn)
Scrolls
 c - a scroll of brand weapon {unknown}
 d - a scroll of identify {unknown}
Potions
 k - a potion of brilliance {unknown}


   Skills:
 + Level 3.3 Fighting
 + Level 2.0 Axes
 + Level 2.0 Armour
 + Level 0.9 Dodging
 + Level 2.5 Invocations


You had one spell level left.
You didn't know any spells.
Your spell library contained the following spells:

 Spells                   Type           Power      Damage    Failure   Level
 Slow                     Hex            0%         N/A       100%        2
 Confusing Touch          Hex            0%         N/A       100%        3
 Ozocubu's Armour         Ice            0%         N/A       100%        3
 Vampiric Draining        Necr           0%         2d6       100%        3
 Metabolic Englaciation   Hex/Ice        0%         N/A       100%        5
 Simulacrum               Ice/Necr       0%         N/A       100%        6


Dungeon Overview and Level Annotations

Branches:
Dungeon (2/15)

Altars:

Shops:
D:1 (

Annotations:
D:1 Natasha


Innate Abilities, Weirdness & Mutations

Your movements are slightly less encumbered by armour. (ER -2)
Your natural rate of healing is unusually fast.


Message History

Natasha mumbles some strange words.
Natasha mumbles some strange words.
You hit the goblin.
The goblin is heavily wounded.
The goblin hits you but does no damage.
You barely miss the goblin.
The goblin is heavily wounded.
The goblin barely misses you.
The goblin hits you with a +2 dagger of freezing.
The goblin freezes you.
Natasha hisses.
Natasha claws you.
There is a stone staircase leading up here.
The shadow imp shouts, "Quit, thou froward flat-headed pigeon-egg!"
The goblin completely misses you. Natasha casts a spell at you.
The magic dart hits you.
* * * LOW HITPOINT WARNING * * *
You climb upwards.
The shadow imp disappears in a puff of smoke! x2
There is a stone staircase leading down here.
You miss the goblin.
The goblin is heavily wounded.
You barely miss Natasha.
The goblin hits you with a +2 dagger of freezing.
* * * LOW HITPOINT WARNING * * *
The goblin freezes you.
* * * LOW HITPOINT WARNING * * *
Natasha barely misses you.
You hit the goblin.
You kill the goblin!
Lugonu accepts your kill.
You hit Natasha. Natasha closely misses you.
It was a potion of mutation.
You feel extremely strange.
You begin to heal more quickly.
Natasha casts a spell.
You hit Natasha.
Natasha is heavily wounded.
Natasha claws you.
You die...

########## #........# ####
#........# ######... #........#
#........ #........# #......#.
#........# ##...#....
#........#########.........
#........#@...............#
#.........h).........##....
######.......#.#######..##.....
#............'5# #..##......
#............#.# ..##.....#.
#......#######.# ..##.....##.
#......# #.# ..##.....##..
#......##### #.. ..##.....##...
#..........#########.....## #.


You could see an iron imp (summoned) and Natasha.

Vanquished Creatures
  An endoplasm (D:1)
  A giant cockroach (D:1)
  A hobgoblin (D:1)
  A kobold (D:1)
  3 quokkas (D:1)
  A frilled lizard (D:1)
  2 goblins
10 creatures vanquished.

Vanquished Creatures (others)
  3 fungi (D:1)
  17 plants (D:1)
20 creatures vanquished.

Grand Total: 30 creatures vanquished

Notes
Turn   | Place    | Note
-------+----------+-------------------------------------------
     0 | Abyss:1  | Zentoyo2 the Demonspawn Abyssal Knight began the quest for
                  | the Orb.
     0 | Abyss:1  | Reached XP level 1. HP: 18/18 MP: 2/2
     1 | D:1      | Escaped the Abyss
   799 | D:1      | Gained mutation: Your movements are slightly less
                  | encumbered by armour. (ER -2) [demonic ancestry]
   799 | D:1      | Reached XP level 2. HP: 19/24 MP: 3/3
   880 | D:1      | Found Petwubux's Antique Weapon Shoppe.
  1030 | D:1      | Found a faded altar of an unknown god.
  1176 | D:2      | Noticed Natasha
  1191 | D:1      | HP: 1/24 [goblin (2)]
  1193 | D:1      | Gained mutation: Your natural rate of healing is unusually
                  | fast. [potion of mutation]
  1194 | D:1      | Slain by Natasha

Illustrated notes

Levels and vault maps discovered:
D:1:      psy_arrival_spokes, layout_basic, serial_shops,
          nicolae_shop_window_shopping, shapermc_ecumenical_altar_hornbeckon,
          roderic_serpentine_path, serial_bayou_lagoon_a
D:2:      layout_rooms, basic_altar, uniq_robin, uniq_natasha

Skill      XL: |  1  2 |
---------------+-------+-----
Armour         | 2 |  2.0
Axes           | 2 |  2.0
Fighting       | |  3.3
Dodging        | |  0.9
Invocations    | |  2.5

Action                   || total
-------------------------++-------
Melee: Hand axe          ||    50
Invok: Depart the Abyss  ||     1
  Use: Potion            ||     1
Armor: Chain mail        ||    13
       Leather armour    ||     2
Dodge: Dodged            ||    14
